 Dungeon Crawl Stone Soup version 0.26.1 (webtiles) character file.

Game seed: 7999605629819282154

88 OdinFK the Gusty (level 4, -1/24 HPs)
             Began as a Tengu Air Elementalist on Feb 6, 2021.
             Was an Initiate of Sif Muna.
             Slain by a centaur (8 damage)
             ... on level 3 of the Dungeon.
             The game lasted 00:10:29 (1750 turns).

OdinFK the Gusty (Tengu Air Elementalist)           Turns: 1750, Time: 00:10:30

Health: -1/24      AC:  2    Str:  9    XL:     4   Next: 53%
Magic:  8/8        EV: 12    Int: 16    God:    Sif Muna [......]
Gold:   141        SH:  0    Dex: 14    Spells: 1/7 levels left

rFire    . . .     SeeInvis .   e - +0 whip
rCold    . . .     Faith    .   (no shield)
rNeg     . . .     Spirit   .   a - +0 robe
rPois    .         Reflect  .   (helmet restricted)
rElec    .         Harm     .   (no cloak)
rCorr    .         Rampage  .   (no gloves)
Will     .....                  (boots unavailable)
Stlth    ++........             (no amulet)
HPRegen  0.08/turn              (no ring)
MPRegen  0.11/turn              (no ring)

@: about to teleport
A: beak, talons 3
a: Renounce Religion


You were on level 3 of the Dungeon.
You worshipped Sif Muna.
Sif Muna was noncommittal.
You visited 1 branch of the dungeon, and saw 3 of its levels.

You collected 141 gold pieces.

Inventory:

Hand Weapons
 e - a +0 whip (weapon)
 q - a +3 falchion of electrocution
Armour
 a - a +0 robe (worn)
 k - a +2 kite shield
Jewellery
 l - an uncursed ring of willpower {unknown}
 p - a +4 ring of evasion {unknown}
Scrolls
 b - a scroll of immolation
 i - a scroll of identify
 n - a scroll of random uselessness {unknown}
 o - a scroll of magic mapping {unknown}
 s - a scroll of enchant armour {unknown}
 t - a scroll of fear {unknown}
 u - 2 scrolls of remove curse
 w - a scroll of enchant weapon
Potions
 f - a potion of heal wounds
 j - 2 potions of lignification {unknown}
 m - a potion of might {unknown}
 r - a potion of invisibility {unknown}


   Skills:
 - Level 2.1 Dodging
 - Level 2.0 Stealth
 - Level 2.0 Spellcasting
 * Level 4.6 Conjurations
 + Level 5.1 Air Magic


You had one spell level left.
You knew the following spells:

 Your Spells              Type           Power        Failure   Level
a - Shock                 Conj/Air       68%          2%          1
b - Swiftness             Air            17%          3%          2
c - Static Discharge      Conj/Air       17%          9%          3

Your spell library contained the following spells:

 Spells                   Type           Power        Failure   Level
 Airstrike                Air            8%           26%         4
 Lightning Bolt           Conj/Air       8%           61%         5


Dungeon Overview and Level Annotations

Branches:
Dungeon (3/15)

Altars:
Gozag
Makhleb
Sif Muna
Vehumet
Zin


Innate Abilities, Weirdness & Mutations

You have a beak for a mouth.
You have claws for feet.


Message History

The centaur hits you. The centaur barely misses you.
As you read the scroll labelled LAEZ TYDUIFA, it crumbles to dust.
It is a scroll of enchant weapon.
Your glowing falchion glows red for a moment.
w - a scroll of enchant weapon;
f - a potion of heal wounds The centaur hits you!
* * * LOW HITPOINT WARNING * * *
As you read the scroll labelled ENUADOO WESHRET, it crumbles to dust.
It is a scroll of identify.
b - a scroll of immolation;
i - a scroll of identify;
k - a shiny kite shield The centaur barely misses you.
The centaur misses you.
As you read the scroll labelled TIEC OXALA, it crumbles to dust.
It is a scroll of amnesia.
Really abort (and waste the scroll)?
Okay, then.
The centaur completely misses you.
As you read the scroll labelled NIYSSI DOPTO, it crumbles to dust.
You feel strangely unstable.
It was a scroll of teleportation.
The centaur closely misses you. The centaur hits you!
You die...

#. .. #. ..#
#. #.# #. #.#
. #.
#.#####.. #.
##.......
#c#####.....#
#.@(........#
##
#######.....#
#. #.....# +.
#.....# ####.
#.....# #....
####'## #.###
#.# #.# # #.#
#.# #
#.####.# #


You could see a centaur.

Vanquished Creatures
  3 adders
  An ooze (D:2)
  2 worms (D:2)
  A dart slug (D:1)
  A leopard gecko (D:2)
  A ball python (D:1)
  3 giant cockroaches
  7 goblins (D:2)
  2 hobgoblins (D:1)
  4 jackals (D:1)
  5 bats
  4 frilled lizards
  7 kobolds
  8 rats
49 creatures vanquished.

Notes
Turn   | Place    | Note
-------+----------+-------------------------------------------
     0 | D:1      | OdinFK the Tengu Air Elementalist began the quest for the
                  | Orb.
     0 | D:1      | Reached XP level 1. HP: 10/10 MP: 4/4
   370 | D:1      | Reached XP level 2. HP: 15/15 MP: 0/6
   532 | D:1      | Learned a level 2 spell: Swiftness
   948 | D:2      | Reached XP level 3. HP: 19/19 MP: 2/7
   998 | D:2      | Found a shimmering blue altar of Sif Muna.
  1005 | D:2      | Found a radiant altar of Vehumet.
  1005 | D:2      | Found a burning altar of Makhleb.
  1041 | D:2      | Found a glowing silver altar of Zin.
  1054 | D:2      | Became a worshipper of Sif Muna the Loreminder
  1107 | D:1      | Learned a level 3 spell: Static Discharge
  1191 | D:2      | Found an opulent altar of Gozag.
  1345 | D:2      | Reached XP level 4. HP: 15/24 MP: 1/8
  1455 | D:2      | Reached skill level 5 in Air Magic
  1742 | D:3      | Noticed a centaur
  1745 | D:3      | HP: 1/24 [centaur (1)]
  1750 | D:3      | Slain by a centaur

Illustrated notes

Levels and vault maps discovered:
D:1:      minmay_arrival_shattered_statue, layout_basic
D:2:      layout_rooms, grunt_temple_overflow_open, grunt_gozag_statues
D:3:      minmay_skewed_foursquare, layout_basic, minitemple, uniq_grinder,
          uniq_terence

Skill      XL: |  1  2  3  4 |
---------------+-------------+-----
Conjurations   | 2 3 4 |  4.6
Air Magic      | 5 |  5.1
Dodging        | |  2.1
Stealth        | |  2.0
Spellcasting   | |  2.0

Action                   |  1- 3 |  4- 6 || total
-------------------------+-------+-------++-------
Melee: Whip              |    26 |    10 ||    36
       Unarmed           |     1 |       ||     1
       Peck              |     7 |       ||     7
       Kick              |     4 |     5 ||     9
 Cast: Shock             |    62 |    13 ||    75
  Use: Scroll            |       |     5 ||     5
       Potion            |       |     1 ||     1
 Stab: Sleeping          |     2 |       ||     2
Armor: Robe              |    11 |     2 ||    13
Dodge: Dodged            |    31 |    11 ||    42
